 Dungeon Crawl Stone Soup version 0.30-b1-2-g02819fbbbe (webtiles) character file.

Game seed: 11888008357675791166

25 Arum the Shield-Bearer (level 3, -1/30 HPs)
             Began as a Formicid Fighter on May 18, 2023.
             Slain by Sigmund
             ... wielding a +2 scythe of flaming
              (4 damage)
             ... on level 2 of the Dungeon.
             The game lasted 00:00:56 (895 turns).

Arum the Shield-Bearer (Formicid Fighter)            Turns: 895, Time: 00:00:56

Health: -1/30      AC:  6    Str: 22    XL:     3   Next: 20%
Magic:  3/3        EV:  9    Int:  7    God:
Gold:   67         SH:  5    Dex: 13    Spells: 2/2 levels left

rFire   . . .        a - +0 quarterstaff
rCold   . . .        c - +0 buckler
rNeg    . . .        b - +0 scale mail
rPois   .            (helmet unavailable)
rElec   .            (no cloak)
rCorr   .            (no gloves)
SInv    +            (no boots)
Will    .....        (no amulet) Stlth
                     (no ring)
HPRegen 0.25/turn    (no ring)
MPRegen 0.08/turn

%: no passive effects
@: mighty
A: permanent stasis, dig shafts and tunnels, antennae 3, four strong arms
a: Dig, Shaft Self


You were on level 2 of the Dungeon.
You visited 1 branch of the dungeon, and saw 2 of its levels.

You collected 67 gold pieces.

Inventory:

Hand Weapons
 a - a +0 quarterstaff (weapon)
Armour
 b - a +0 scale mail (worn)
 c - a +0 buckler (worn)
Scrolls
 e - a scroll of teleportation {unknown}
 g - a scroll of enchant weapon {unknown}
Potions
 f - a potion of berserk rage {unknown}


   Skills:
 + Level 3.7 Fighting
 + Level 2.5 Staves
 - Level 3.2 Armour
 + Level 4.5 Shields


You had 2 spell levels left.
You didn't know any spells.
Your spell library contained the following spells:

 Spells                   Type           Power      Damage    Failure   Level
 Magic Dart               Conj           0%         1d3       82%         1
 Call Imp                 Summ           0%         N/A       91%         2
 Mephitic Cloud           Conj/Pois/Air  0%         N/A       99%         3


Dungeon Overview and Level Annotations

Branches:
Dungeon (2/15)

Altars:

Annotations:
D:2 Sigmund


Innate Abilities, Weirdness & Mutations

You cannot be hasted, slowed, berserked, paralysed or teleported.
You can dig through walls and to a lower floor.
You have a pair of large antennae on your head. (SInv)
Your four strong arms can wield two-handed weapons with a shield.


Message History

You kill the frilled lizard!
No target in view!
No target in view!
No target in view!
No target in view!
No target in view!
No target in view!
No target in view!
No target in view!
You start resting.
HP restored.
You feel very mighty all of a sudden.
You climb downwards.
Level annotation: Sigmund The endoplasm freezes you.
You are frozen.
There is a stone staircase leading up here.
You sock the endoplasm!
You kill the endoplasm!
Sigmund casts a spell at you. You resist with some effort.
You block Sigmund's attack. Sigmund barely misses you.
You sock Sigmund!
Sigmund is heavily wounded.
You sock Sigmund!
Sigmund is almost dead.
Sigmund hits you with a +2 scythe of flaming!
Sigmund burns you.
You barely miss Sigmund.
Sigmund is almost dead.
Sigmund hits you with a +2 scythe of flaming!
* * * LOW HITPOINT WARNING * * *
Sigmund burns you.
* * * LOW HITPOINT WARNING * * *
You are too injured to fight recklessly!
You closely miss Sigmund.
Sigmund is almost dead.
Sigmund hits you with a +2 scythe of flaming.
You die...

#####
####...#
####....!(#
........<.#
###......#
#..@..[#
#!@....#
#......#
####...#
#####


You could see Sigmund.

Vanquished Creatures
  A dart slug (D:1)
  4 endoplasms
  3 giant cockroaches (D:1)
  2 goblins (D:1)
  3 hobgoblins (D:1)
  A quokka (D:1)
  2 ball pythons (D:1)
  2 frilled lizards (D:1)
  A kobold (D:1)
  2 rats (D:1)
21 creatures vanquished.

Notes
Turn   | Place    | Note
-------+----------+-------------------------------------------
     0 | D:1      | Arum the Formicid Fighter began the quest for the Orb.
     0 | D:1      | Reached XP level 1. HP: 18/18 MP: 1/1
   286 | D:1      | Reached XP level 2. HP: 24/24 MP: 2/2
   501 | D:1      | Reached XP level 3. HP: 30/30 MP: 3/3
   586 | D:1      | Found a faded altar of an unknown god.
   843 | D:2      | Noticed Sigmund
   895 | D:2      | Slain by Sigmund

Illustrated notes

Levels and vault maps discovered:
D:1:      tarquinn_simple_flora_water_c, layout_loops_ring,
          shapermc_ecumenical_altar_mp_vishouse
D:2:      minmay_wonky_spiral, layout_basic, uniq_sigmund, uniq_robin,
          uniq_crazy_yiuf_cottage

Action                     || total
---------------------------++-------
  Melee: Quarterstaff      ||    46
    Use: Potion            ||     1
 Armour: Scale mail        ||    12
  Dodge: Dodged            ||    19
  Block: Buckler           ||    13
